AoeStats
← Carple

Migration

505578667Analyzed
1v1 RM · 23d ago on Sep 10, 2026· 33m 19s· 2 players
Game mode
Random Map
Map size
132×132
Population
200
Speed
Normal
Resources
Standard
Victory
Conquest
Starting age
Dark Age
Ending age
Imperial Age
RankedLock teamsTeams togetherTeam positionsShared explorationLock speedFull tech treeHidden civsTurbo modeCheats
Victory
Defeat
🇨🇦 Japanese · Canada
1265
+16
🇨🇦 Japanese · Canada
1263
-16
Friendly Sword
8:08 Loom
10:34 Feudal Age
11:33 Double-Bit Axe
15:13 Fishing Lines
20:19 Castle Age
19:37 Fletching
19:48 Padded Archer Armor
21:28 Medium Warships
21:09 Gillnets
21:16 Bodkin Arrow
27:28 Wheelbarrow
27:00 Town Watch
31:02 Pikeman
32:34 Leather Archer Armor
Carple
5:06 Loom
12:28 Feudal Age
13:43 Double-Bit Axe
14:10 Fishing Lines
18:24 Horse Collar
19:17 Forging
19:02 Fletching
21:34 Castle Age
20:29 Gold Mining
20:30 Stone Mining
22:34 Medium Warships
23:08 Bow Saw
23:15 Squires
24:32 Iron Casting
23:53 Bodkin Arrow
24:11 Clinker Construction
24:21 Careening
25:37 Wheelbarrow
26:54 Husbandry
27:05 Bloodlines
26:20 Pikeman
26:48 Gambesons
26:49 Arson
30:07 Hand Cart
29:37 Town Watch
Connection lost

Rejoining the realm…

Still unreachable

The connection could not be restored.

Session expired

The server has moved on; the page needs a fresh start.